 Dungeon Crawl Stone Soup version 0.17-a0-1987-gaf5a542 (webtiles) character file.

150 Geeful the Gusty (level 5, 0/42 HPs)
             Began as a Tengu Air Elementalist on Oct 6, 2015.
             Was an Initiate of Vehumet.
             Slain by fly's ghost (1 damage)
             ... on level 3 of the Dungeon.
             The game lasted 00:14:08 (3172 turns).

Geeful the Gusty (Tengu Air Elementalist)           Turns: 3172, Time: 00:14:08

Health: 0/42       AC: 22    Str:  9    XL:     5   Next: 32%
Magic:  5/10       EV:  2    Int: 16    God:    Vehumet [......]
Gold:   91         SH:  0    Dex: 16    Spells: 2 memorised, 7 levels left

rFire  + . .     SeeInvis .     a - +0 spear
rCold  x . .     Clarity  .     (armour currently unavailable)
rNeg   + + +     SustAt   .     (no shield)
rPois  +         Gourm    .     (helmet currently unavailable)
rElec  .         Spirit   .     (cloak currently unavailable)
rCorr  .         Warding  .     (gloves currently unavailable)
rMut   .         NoTele   +     (boots unavailable)
MR     .....                    (no amulet)
Stlth  +++.......               o - +2 ring of dexterity
                                g - ring of fire

@: tree-form, repel missiles, not resistant to hostile enchantments, fairly
stealthy
A: (beak), (talons 0), able to fly 1
a: Fly, Renounce Religion


You were on level 3 of the Dungeon.
You worshipped Vehumet.
Vehumet was noncommittal.
You were hungry.
You were a tree.
You visited 1 branch of the dungeon, and saw 3 of its levels.

You collected 91 gold pieces.

Inventory:

Hand Weapons
 a - a +0 spear (weapon)
 d - a +0 dagger
 h - a +0 hand axe
Missiles
 f - 15 poisoned needles
Armour
 e - a cursed +0 robe (melded)
 j - a +0 pair of gloves (melded)
Jewellery
 g - a ring of fire (left branch)
 o - a +2 ring of dexterity (right branch)
Scrolls
 i - a scroll of teleportation {unknown}
 l - 2 scrolls of remove curse {unknown}
 n - a scroll of amnesia {unknown}
 p - a scroll of identify
 q - a scroll of fog
Potions
 k - a potion of might
 r - 2 potions of magic
Books
 b - a book of Air

   Spells                             Type                      Level
   a - Shock                          Conjuration/Air              1
   b - Swiftness                      Charms/Air                   2
   c - Repel Missiles                 Charms/Air                   2
   d - Static Discharge               Conjuration/Air              3
   e - Lightning Bolt                 Conjuration/Air              5
Comestibles
 c - 2 bread rations
 m - a chunk of flesh


   Skills:
 - Level 2.1 Dodging
 - Level 2.0 Stealth
 + Level 3.0 Spellcasting
 + Level 4.0 Conjurations
 + Level 5.7 Air Magic


You had 7 spell levels left.
You knew the following spells:

 Your Spells              Type           Power        Failure   Level  Hunger
a - Shock                 Conj/Air       ###.         2%          1    #......
b - Repel Missiles        Chrm/Air       ##....       10%         2    ##.....


Dungeon Overview and Level Annotations

Branches:
Dungeon (3/15)

Altars:
Fedhas
Okawaru
Trog
Vehumet

Annotations:
D:3 fly's ghost, amateur DsNe


Innate Abilities, Weirdness & Mutations

((You have a beak for a mouth.))
((You have claws for feet.))
You can fly.


Message History

Fly's ghost is heavily damaged.
Fly's ghost hits you but does no damage.
You barely miss fly's ghost.
Fly's ghost is heavily damaged.
Fly's ghost hits you but does no damage.
You hit fly's ghost.
Fly's ghost is heavily damaged.
Fly's ghost hits you but does no damage.
You barely miss fly's ghost.
Fly's ghost is heavily damaged.
You are feeling hungry.
Fly's ghost hits you but does no damage.
You hit fly's ghost.
Fly's ghost is heavily damaged.
Fly's ghost hits you but does no damage.
You closely miss fly's ghost.
Fly's ghost is heavily damaged.
Fly's ghost hits you!
* * * LOW HITPOINT WARNING * * *
You die...

.##.#...g .# .......##
..## .#..#
#.?..#..####.... ....
.....#.......... ...#
.............### ...#
................ ...#
.#.....#..#.#####...##
##...#.#..#.###......###
##...#......#..W♣..>...#
##.##.....#<[.........#
######...............###
..g..................#
######...........#.#.#
##...........###.# ##
##...........## #
.###..##.......##
..##........#.##


You could see fly's ghost.

Vanquished Creatures
  An orc wizard (D:1)
  Terence (D:3)
  2 adders
  2 worms
  4 giant geckos
  5 orcs
  A ball python (D:3)
  9 bats
  9 goblins
  6 hobgoblins
  7 kobolds
  A quokka (D:2)
  8 giant cockroaches
  2 giant newts (D:1)
  3 rats
61 creatures vanquished.

Notes
Turn   | Place    | Note
--------------------------------------------------------------
     0 | D:1      | Geeful the Tengu Air Elementalist began the quest for the Orb.
     0 | D:1      | Reached XP level 1. HP: 10/10 MP: 4/4
   151 | D:1      | Reached XP level 2. HP: 15/15 MP: 0/6
   612 | D:1      | Reached XP level 3. HP: 19/19 MP: 7/7
   682 | D:1      | Learned a level 2 spell: Repel Missiles
  1019 | D:2      | Found an iron altar of Okawaru.
  1493 | D:3      | Noticed Terence
  1511 | D:3      | Reached XP level 4. HP: 16/24 MP: 8/8
  1751 | D:3      | Killed Terence
  1751 | D:3      | Reached skill level 5 in Air Magic
  2265 | D:1      | Gained mutation: You can fly. [Tengu growth]
  2265 | D:1      | Reached XP level 5. HP: 9/28 MP: 5/10
  2725 | D:3      | Found a radiant altar of Vehumet.
  2757 | D:3      | Found a bloodstained altar of Trog.
  2759 | D:3      | Found a blossoming altar of Fedhas.
  2770 | D:3      | Became a worshipper of Vehumet
  3063 | D:3      | Noticed fly's ghost (amateur DsNe)
  3172 | D:3      | HP: 1/42 [fly's ghost (7)]
  3172 | D:3      | Slain by fly's ghost

Vault maps used:
D:1:      dpeg_arrival_tiny_c
D:2:      okawaru_gym_becter
D:3:      grunt_temple_overflow_open, uniq_terence

Action                   |  1- 3 |  4- 6 || total
-------------------------+-------+-------++-------
Melee: Dagger            |     1 |       ||     1
       Spear             |    43 |    73 ||   116
 Cast: Shock             |    54 |    51 ||   105
       Repel Missiles    |     1 |     1 ||     2
  Use: Potion            |       |     6 ||     6
       Scroll            |       |     2 ||     2
 Stab: Sleeping          |     2 |     1 ||     3
       Distracted        |     1 |       ||     1
  Eat: Chunk             |     3 |     2 ||     5
       Pizza             |       |     2 ||     2
